 Dungeon Crawl Stone Soup version 0.19.1 (console) character file.

21 Jesseh the Insei (level 2, 0/28 HPs)
             Began as a Naga Monk on Nov 23, 2016.
             Slain by a goblin
             ... wielding a +0 club
              (1 damage)
             ... on level 1 of the Dungeon.
             The game lasted 00:02:09 (545 turns).

Jesseh the Insei (Naga Monk)                         Turns: 545, Time: 00:02:09

Health: 0/28       AC:  1    Str: 13    XL:     2   Next: 83%
Magic:  2/2        EV: 10    Int: 10    God:
Gold:   18         SH:  0    Dex: 13    Spells: 0 memorised, 1 level left

rFire  . . .     SeeInvis +       - Unarmed
rCold  . . .     Gourm    .     a - +0 robe
rNeg   . . .     Faith    .     (no shield)
rPois  +         Spirit   .     (no helmet)
rElec  .         Reflect  .     (no cloak)
rCorr  .         Harm     .     (no gloves)
MR     .....                    (no barding)
Stlth  ++........               (no amulet)
                                (no ring)
                                (no ring)

@: very slow
A: see invisible, deformed body, poison resistance, slowness 2, slow metabolism
1, spit poison 1, AC +0
a: Spit Poison


You were on level 1 of the Dungeon.
You were not hungry.

You visited 1 branch of the dungeon, and saw 1 of its levels.

You collected 18 gold pieces.

Inventory:

Armour
 a - a +0 robe (worn)
Scrolls
 c - a scroll of remove curse {unknown}
 e - a scroll of enchant armour {unknown}
Potions
 d - a potion of invisibility {unknown}
Comestibles
 b - a bread ration
 f - 4 chunks of flesh


   Skills:
 + Level 3.3 Fighting
 - Level 2.4 Dodging
 - Level 3.0 Stealth
 + Level 3.6 Unarmed Combat


You had one spell level left.
You didn't know any spells.

Dungeon Overview and Level Annotations

Branches:
Dungeon (1/15)

Altars:


Innate Abilities, Weirdness & Mutations

You cannot wear boots.
Your serpentine skin is tough. (AC +0)
You have supernaturally acute eyesight. (SInv)
Armour fits poorly on your strangely shaped body.
Your system is resistant to poisons. (rPois)
You cover ground very slowly.
You have a slow metabolism.
You can spit poison.


Message History

There is an open door here.
The ball python bites you.
You hit the ball python. The ball python bites you.
You hit the ball python.
You kill the ball python!
You closely miss the goblin. The goblin hits you but does no damage.
You hit the goblin. The goblin hits you but does no damage.
You barely miss the goblin. The goblin hits you with a dagger.
You hit the goblin.
You kill the goblin!
You hit the goblin.
You kill the goblin!
You closely miss the hobgoblin. The hobgoblin hits you with a club.
You closely miss the hobgoblin. You hit the hobgoblin.
The hobgoblin hits you with a club.
A frilled lizard comes into view.
You barely miss the hobgoblin. The hobgoblin hits you with a club.
The frilled lizard hisses angrily.
You hit the hobgoblin.
You kill the hobgoblin!
You closely miss the frilled lizard. The frilled lizard closely misses you.
You barely miss the frilled lizard. The frilled lizard bites you.
You miss the frilled lizard. The frilled lizard closely misses you.
You hit the frilled lizard but do no damage.
The frilled lizard barely misses you.
You closely miss the frilled lizard. The frilled lizard closely misses you.
You hit the frilled lizard but do no damage.
The frilled lizard bites you.
You hit the frilled lizard. The frilled lizard bites you.
You hit the frilled lizard.
You kill the frilled lizard!
There is an open door, spattered with blood here.
Items here: ))) †† a club; a dagger x2; a frilled lizard corpse; a goblin corpse You butcher the goblin corpse.
f - 4 chunks of flesh (gained 1)
There is an open door, spattered with blood here.
Items here: ))) ÷ † a club; a dagger x2; a frilled lizard corpse; a goblin skeleton You butcher the frilled lizard corpse.
f - 5 chunks of flesh (gained 1)
There is an open door, spattered with blood here.
Items here: ))) ÷÷ a club; a dagger x2; a frilled lizard skeleton; a goblin skeleton You start resting.
Some of the chunks of flesh in your inventory have rotted away.
A goblin comes into view.
The goblin shouts!
The goblin hits you.
You hit the goblin.
You kill the goblin!
You now have 18 gold pieces.
You see here a goblin corpse.
You butcher the goblin corpse.
f - 4 chunks of flesh (gained 2)
e - a scroll labeled FOPOOGA ZUVI You open the door.
There is an open door here. 2 jackals come into view.
There is an open door here.
The jackal barks!
The jackal barks!
You hit the jackal. The jackal bites you.
You closely miss the jackal. The jackal bites you.
The jackal closely misses you.
You barely miss the jackal. The jackal closely misses you.
A jackal comes into view.
The jackal barks!
You hit the jackal.
You kill the jackal!
The jackal bites you. The jackal barely misses you.
You barely miss the jackal. Your punch misses the jackal.
The jackal bites you. x2
You miss the jackal. The jackal misses you. The jackal bites you.
* * * LOW HITPOINT WARNING * * *
You punch the jackal!
You kill the jackal!
The jackal bites you but does no damage.
The jackal bites you.
* * * LOW HITPOINT WARNING * * *
You barely miss the jackal. The jackal closely misses you.
You miss the jackal. The jackal bites you.
* * * LOW HITPOINT WARNING * * *
A goblin comes into view. It is wielding a dagger.
You closely miss the jackal. The jackal bites you.
* * * LOW HITPOINT WARNING * * *
The goblin moves out of view.
The jackal bites you.
* * * LOW HITPOINT WARNING * * *
A goblin comes into view. It is wielding a club.
You barely miss the jackal.
The goblin shouts!
You hear a shout!
The jackal barely misses you.
You hit the jackal. The jackal bites you.
* * * LOW HITPOINT WARNING * * *
You hit the jackal but do no damage. The jackal bites you.
* * * LOW HITPOINT WARNING * * *
The jackal bites you but does no damage.
The goblin barely misses you.
You barely miss the jackal. The jackal barely misses you.
The goblin hits you with a club.
You die...

▒▒)▒▒▒▒▒▒▒▒.▒▒.▒.▒
▒..............▒.▒ ▒
▒...........▒▒▒▒.▒ ▒
▒..............▒.▒▒▒▒▒
▒▒'▒▒▒▒▒▒▒.▒▒▒▒▒.▒....
▒...................▒
▒.▒▒▒▒.▒▒.........▒..
▒.▒▒▒▒.▒▒▒▒▒▒....▒▒▒.
▒..gNh......+....+...
▒'▒▒▒▒†▒▒▒▒▒▒....▒▒▒.
....h......=..........
....▒▒............▒▒▒.
.. ▒............▒ ▒.
▒.......... ▒.
▒..........
▒..........
▒..........


You could see a jackal and a goblin.

Vanquished Creatures
  A dart slug (D:1)
  5 goblins (D:1)
  5 hobgoblins (D:1)
  2 jackals (D:1)
  A ball python (D:1)
  A frilled lizard (D:1)
15 creatures vanquished.

Notes
Turn   | Place    | Note
-------+----------+-------------------------------------------
     0 | D:1      | Jesseh the Naga Monk began the quest for the Orb.
     0 | D:1      | Reached XP level 1. HP: 21/21 MP: 1/1
    44 | D:1      | Reached XP level 2. HP: 15/28 MP: 2/2
   538 | D:1      | HP: 7/28 [jackal (3)]
   543 | D:1      | HP: 3/28 [jackal (1)]
   544 | D:1      | HP: 1/28 [jackal (2)]
   545 | D:1      | Slain by a goblin

Action                   || total
-------------------------++-------
Melee: Unarmed           ||    59
Armor: Robe              ||     3
Dodge: Dodged            ||    18

Vault maps used:
D:1:      dpeg_arrival_houses_and_road, nrook_loot_triangle, bh_walls_and_bars

Table legend:
 A = Turns spent in this place as a percentage of turns spent in the entire game.
 B = Non-inter-level travel turns spent in this place as a percentage of non-inter-level travel turns spent in the entire game.
 C = Inter-level travel turns spent in this place as a percentage of turns spent in this place.
 D = Turns resting spent in this place as a percentage of non-inter-level travel turns spent in this place.
 E = Turns spent auto-exploring this place as a percentage of non-inter-level travel turns spent in this place.
 F = Non-inter-level travel turns spent in this place divided by the number of levels of this place that you've seen.
                   A       B       C       D       E      F
               +-------+-------+-------+-------+-------+----------------------
         Total | 100.0 | 100.0 |   0.0 |   4.6 |   3.8 | 130.0
       Dungeon | 100.0 | 100.0 |   0.0 |   4.6 |   3.8 | 130.0
               +-------+-------+-------+-------+-------+----------------------

Table legend:
 A = Kills in this place as a percentage of kills in entire the game.
 B = Kills by you in this place as a percentage of kills by you in the entire game.
 C = Kills by friends in this place as a percentage of kills by friends in the entire game.
 D = Other kills in this place as a percentage of other kills in the entire game.
 E = Experience gained in this place as a percentage of experience gained in the entire game.
 F = Experience gained in this place divided by the number of levels of this place that you have seen.
                   A       B       C       D       E      F
               +-------+-------+-------+-------+-------+----------------------
         Total | 100.0 | 100.0 |  -nan |  -nan | 100.0 |  30.0
       Dungeon | 100.0 | 100.0 |  -nan |  -nan | 100.0 |  30.0
               +-------+-------+-------+-------+-------+----------------------
